 Dungeon Crawl Stone Soup version 0.32-a0-614-gd166fa89d2 (webtiles) character file.

Game seed: 15177135267431467844

181278 mopl the Hermetic (level 18, 0/118 HPs)
             Began as an Octopode Alchemist on Mar 5, 2024.
             Was the Champion of Vehumet.
             Slain by a +0 glaive of venom (24 damage)
             ... on level 2 of the Elven Halls.
             The game lasted 01:33:45 (32838 turns).

mopl the Hermetic (Octopode Alchemist)             Turns: 32838, Time: 01:33:46

Health: 0/118      AC:  6    Str:  7    XL:     18   Next: 30%
Magic:  44/44      EV: 16    Int: 35    God:    Vehumet [******]
Gold:   1771       SH:  6    Dex: 13    Spells: 6/44 levels left

rFire   + . .        b - staff of alchemy
rCold   . . .        c - +2 buckler
rNeg    + + +        R - +1 hat
rPois   +            d - amulet "Silaasil" {Rampage rPois Will+ RegenMP+}
rElec   .            G - ring of magical power
rCorr   .            n - +4 ring of protection
SInv    +            D - ring of willpower
Will    ++++.        T - ring "Buarukk" {^Contam *Corrode rN+++ Will+ Int+4}
Stlth   +++          W - ring of protection from cold
HPRegen 0.39/turn    K - ring of see invisible
MPRegen 0.69/turn    H - +6 ring of intelligence
                     F - ring of fire

%: corrode self (3%), rampage
@: no status effects
A: almost no armour, amphibious, 8 rings, camouflage 1, gelatinous body 1,
(nimble swimmer 1), tentacles
a: Renounce Religion


You were on level 2 of the Elven Halls.
You worshipped Vehumet.
Vehumet was exalted by your worship.
You visited 5 branches of the dungeon, and saw 25 of its levels.
You also visited: Sewer and Gauntlet.

You collected 2669 gold pieces.
You spent 898 gold pieces at shops.

Inventory:

Hand Weapons
 a - the +12 spear of Butocrid {flame, rElec Str-2 Dex+4 Stlth+}
   (You found it on level 1 of the Lair of Beasts)

   Str-2:     It affects your strength (-2).
   Dex+4:     It affects your dexterity (+4).
   rElec:     It insulates you from electricity.
   Stlth+:    It makes you more stealthy.
 u - the +8 dagger "Dehauc" {chaos, Will+++ Str-3 Int+10 Stlth-}
   (You took it off a gnoll on level 3 of the Dungeon)

   Str-3:     It affects your strength (-3).
   Int+10:    It affects your intelligence (+10).
   Will+++:   It greatly increases your willpower.
   Stlth-:    It makes you less stealthy.
Missiles
 P - 5 curare-tipped darts
Armour
 c - a +2 buckler (worn)
 R - a +1 hat (worn)
Magical Staves
 b - a staff of alchemy (weapon)
Jewellery
 d - the amulet "Silaasil" (around mantle) {Rampage rPois Will+ RegenMP+}
   (You found it in a Gauntlet)

   [amulet of magic regeneration]

   It increases your rate of magic regeneration.
   rPois:     It protects you from poison.
   Will+:     It increases your willpower.
   Rampage:   It bestows one free step when moving towards enemies.
   RegenMP+:  It increases your rate of magic regeneration.
 n - a +4 ring of protection (right tentacle)
 w - a ring of flight
 D - a ring of willpower (on tentacle)
 F - a ring of fire (on tentacle)
 G - a ring of magical power (left tentacle)
 H - a +6 ring of intelligence (on tentacle)
 K - a ring of see invisible (on tentacle)
 T - the ring "Buarukk" (on tentacle) {^Contam *Corrode rN+++ Will+ Int+4}
   (You bought it in a shop on level 2 of the Orcish Mines)

   [ring of willpower]

   Int+4:     It affects your intelligence (+4).
   rN+++:     It renders you almost immune to negative energy.
   Will+:     It increases your willpower.
   ^Contam:   It causes magical contamination when unequipped.
   *Corrode:  It may corrode you when you take damage.
 W - a ring of protection from cold (on tentacle)
Wands
 s - a wand of digging (12)
 I - a wand of charming (19)
 M - a wand of mindburst (7)
 Q - a wand of polymorph (2)
 V - a wand of roots (7)
 X - a wand of acid (2)
Scrolls
 g - 8 scrolls of teleportation {unknown}
 l - 4 scrolls of amnesia {unknown}
 p - 8 scrolls of poison {unknown}
 q - a scroll of torment {unknown}
 y - 6 scrolls of fog {unknown}
 A - 3 scrolls of butterflies {unknown}
 C - 4 scrolls of revelation {unknown}
 E - 4 scrolls of enchant armour {unknown}
 J - 5 scrolls of fear {unknown}
 L - 6 scrolls of enchant weapon {unknown}
 N - a scroll of vulnerability
 Y - 2 scrolls of silence {!r}
Potions
 e - 3 potions of cancellation
 f - 7 potions of enlightenment
 h - 4 potions of brilliance
 i - 7 potions of curing
 k - 7 potions of heal wounds
 r - 3 potions of ambrosia
 v - 2 potions of resistance
 x - 3 potions of haste
 B - 2 potions of berserk rage {!q}
 S - a potion of lignification {!q}
 U - a potion of magic
 Z - 2 potions of mutation {!q}
Miscellaneous
 o - a phial of floods
 O - a lightning rod (4/4)


   Skills:
 + Level 9.3 Fighting
 + Level 9.2 Dodging
 - Level 2.6 Stealth
 + Level 1.6 Shields
 * Level 13.6 Spellcasting
 * Level 14.4 Conjurations
 + Level 4.7 Translocations
 * Level 11.0 Fire Magic
 + Level 5.9 Air Magic
 * Level 16.0 Alchemy
 + Level 7.9 Evocations


You had 6 spell levels left.
You knew the following spells:

 Your Spells              Type           Power      Damage    Failure   Level
a - Sting                 Conj/Alch      100%       1d9       0%          1
b - Mercury Vapours       Alch/Air       100%       N/A       1%          2
c - Mephitic Cloud        Conj/Alch/Air  100%       N/A       1%          3
d - Sticky Flame          Fire/Alch      100%       2d15      1%          4
e - Plasma Beam           Fire/Air       45%        2x1d59    3%          6
f - Fireball              Conj/Fire      53%        3d21      1%          5
g - Ignite Poison         Fire/Alch      100%       N/A       1%          4
h - Iskenderun's Mystic   Conj/Tloc      74%        2d15      1%          4
i - Irradiate             Conj/Alch      57%        3d30      1%          5
o - Olgreb's Toxic Radia  Alch           100%       N/A       1%          4

Your spell library contained the following spells:

 Spells                   Type           Power      Damage    Failure   Level
 Lee's Rapid Deconstruct  Erth           11%        3d8*      21%         5
 Foxfire                  Conj/Fire      100%       2x1d9     0%          1
 Apportation              Tloc           100%       N/A       1%          1
 Shock                    Conj/Air       100%       1d9       1%          1
 Cigotuvi's Dreadful Rot  Necr/Alch/Air  100%       N/A       1%          2
 Static Discharge         Conj/Air       100%       3-8/arc   1%          2
 Dazzling Flash           Conj/Hex       100%       N/A       1%          3
 Volatile Blastmotes      Fire/Tloc      100%       2d18      1%          3
 Airstrike                Air            30%        2d(5-21)  1%          4
 Fulminant Prism          Conj/Alch      57%        3d24      1%          4
 Leda's Liquefaction      Alch/Erth      44%        N/A       1%          4
 Petrify                  Alch/Erth      88%        N/A       1%          4
 Alistair's Intoxication  Alch           78%        N/A       1%          5
 Arcjolt                  Conj/Air       38%        1d48      1%          5
 Freezing Cloud           Conj/Ice/Air   32%        6-21      1%          5
 Starburst                Conj/Fire      53%        6d14      1%          6
 Slow                     Hex            92%        N/A       2%          1
 Frozen Ramparts          Ice            46%        1d7       2%          3
 Vhi's Electric Charge    Tloc/Air       100%       N/A       3%          4
 Call Imp                 Summ           46%        N/A       4%          2
 Jinxbite                 Hex            46%        N/A       4%          2
 Sublimation of Blood     Necr           23%        N/A       4%          2
 Confusing Touch          Hex            23%        N/A       9%          3
 Sigil of Binding         Hex            23%        N/A       9%          3
 Vampiric Draining        Necr           23%        2d7       9%          3
 Summon Lightning Spire   Summ/Air       44%        N/A       9%          4
 Silence                  Hex/Air        22%        N/A       22%         5
 Animate Dead             Necr           23%        N/A       28%         4
 Curse of Agony           Necr           23%        N/A       61%         5
 Metabolic Englaciation   Hex/Ice        11%        N/A       61%         5
 Spellforged Servitor     Conj/Summ      32%        N/A       30%         7
 Fire Storm               Conj/Fire      53%        8d13      97%         9
 Haunt                    Necr/Summ      11%        N/A       100%        7
 Summon Hydra             Summ           11%        N/A       100%        7
 Infestation              Necr           11%        N/A       100%        8


Dungeon Overview and Level Annotations

Branches:
Dungeon (15/15)            Temple (1/1) D:5            Lair (5/5) D:8
 Shoals (0/4) Lair:2        Snake (0/4) Lair:2        Slime (0/5) Lair:5
    Orc (2/2) D:9             Elf (2/3) Orc:2        Vaults (0/5) D:13
 Depths (0/4) D:15          Sewer (visited)         Gauntlet (visited)

Altars:
Ashenzari
Cheibriados
Dithmenos
Elyvilon
Fedhas
Gozag
Hepliaklqana
Kikubaaqudgha
Makhleb
Nemelex Xobeh
Okawaru
Qazlal
Ru
Sif Muna
Trog
Uskayaw
Vehumet
Wu Jian
Xom
Yredelemnul
Zin
The Shining One
Beogh
Jiyva

Shops:
D:10 *   Orc:2 *[:=   Elf:2 (

Annotations:
D:7 2 transporters, yadon's ghost, novice DsFi
Lair:5 exclusion: obsidian statue
Elf:2 3 runed translucent doors, Xarreyl's ghost, adept TeCA


Innate Abilities, Weirdness & Mutations

You cannot wear most types of armour.
You are amphibious.
You can wear up to eight rings at the same time.
Your skin changes colour to match your surroundings (Stealth+).
Your rubbery body absorbs attacks. (AC +1, EV +1)
((You are camouflaged when in or above water. (Stealth+)))
You have tentacles for arms and can constrict up to eight enemies at once.


Message History

Unknown command.
You fade into invisibility!
There is a stone staircase leading up here.
You climb upwards.
There is a stone staircase leading down here.
You start resting.
You flicker for a moment.
You start resting.
You flicker back into view.
You start resting.
HP restored.
You climb downwards.
Level annotation: 3 runed translucent doors, Xarreyl's ghost, adept TeCA
There is a stone staircase leading up here.
A deep elf zephyrmancer is nearby!
Casting: Olgreb's Toxic Radiance (safe; 1% risk of failure)
Confirm with . or Enter, or press ? or * to list all spells.
Okay, then.
You feel a surge of power!
You begin to radiate toxic energy.
The deep elf zephyrmancer is poisoned.
The deep elf zephyrmancer looks even sicker.
The deep elf zephyrmancer looks even sicker.
The deep elf zephyrmancer casts a spell at you.
The bolt of lightning hits you!!
You hear a shout!
There is a shaft here.
The deep elf zephyrmancer looks as sick as possible!
Your toxic aura wanes.
The deep elf zephyrmancer casts a spell at you.
The bolt of lightning hits you!!!
The deep elf zephyrmancer gestures at you while chanting.
The bolt of lightning hits the +0 glaive of venom.
The +0 glaive of venom completely resists.
The bolt of lightning hits you!!
* * * LOW HITPOINT WARNING * * *
There is a stone staircase leading up here.
The +4 heavy halberd is sucked into a shaft!
The shaft crumbles and collapses.
The +0 glaive of venom hits you from afar!!
You die...

#######...................#
#.○.####....).)....### #...#
##.)..)....'##.
#...#####'......^##'..
###.e..#'##.....#####.
#...>...#########.#ß.
#...().[#########...(
#.[..)..'.<...).'....
#...@)..#########.#ß.
#.......# #.##. ###
##'#...#)## ##... #.#
##.#######.#### ##..
##.####.## ##'#.### ##.
#...##<## ###.....### ##
#####.♣.#'## #.........#
...'..♣..##########.........#
####.♣♣♣..'.......'....♣....#


You could see a deep elf zephyrmancer (very poisoned) and a +0 glaive of venom.

Vanquished Creatures
  Norris (Elf:1)
  A deep elf sorcerer (Elf:2)
  An orc warlord (Orc:2)
  Nessos (D:15)
  2 deep elf annihilators
  A deep elf demonologist (Elf:1)
  A minotaur (Gauntlet)
  4 dire elephants (Lair:5)
  A rakshasa (D:15)
  Josephine (D:11)
  Fannar (Lair:3)
  5 hydras
  8 vault guards (D:13)
  Erica (Lair:2)
  4 centaur warriors
  A catoblepas (Lair:2)
  3 boulder beetles
  15 dancing weapons
  12 death yaks
  A tengu warrior (D:13)
  9 two-headed ogres
  6 orc high priests
  Urug (D:13)
  An occultist (D:15)
  Nergalle (Lair:2)
  5 deep elf knights
  Sonja (Lair:1)
  Amaemon (D:9)
  A spectral death yak (Lair:5)
  4 skysharks
  3 skeletal warriors (D:12)
  An arcanist (D:13)
  A glowing orange brain (D:15)
  A spectral anaconda (Lair:5)
  A thermic dynamo (Elf:1)
  4 deep elf archers
  3 large abominations (Gauntlet)
  4 necromancers (Lair:5)
  18 deep elf pyromancers
  15 deep elf zephyrmancers
  A harpy (shapeshifter) (D:13)
  A manticore (D:15)
  2 cyclopes
  3 orc knights
  A faun (shapeshifter) (D:15)
  23 ugly things
  Maurice (D:7)
  7 orc sorcerers
  2 merfolk sirens (Lair:2)
  3 elephants (Lair:5)
  A meliai (D:15)
  Joseph (D:7)
  3 black mambas
  2 gargoyles
  An orange demon (D:9)
  An ice statue (D:11)
  A kobold demonologist (D:12)
  6 cane toads
  The ghost of Nico3ck the Carver, a novice CoGl of Gozag (D:5)
  2 minotaur zombies (Gauntlet)
  An efreet (D:14)
  5 komodo dragons
  5 rime drakes
  2 tengu conjurers (D:15)
  9 trolls
  3 polar bears
  2 merfolk (Lair:2)
  20 blink frogs
  4 dream sheep (Lair:5)
  Prince Ribbit (D:5)
  Sigmund (D:5)
  3 centaur simulacra (Gauntlet)
  16 slime creatures
  A shadow (D:11)
  3 wyverns
  53 yaks
  3 water elementals
  7 wraiths
  2 fire elementals (Elf:1)
  A basilisk (shapeshifter) (D:14)
  8 wargs
  A golden eye (shapeshifter) (D:13)
  7 basilisks
  13 vampire mosquitoes
  A death yak simulacrum (Lair:5)
  2 spectral cane toads (Lair:5)
  An acid dragon (D:7)
  12 water moccasins
  28 orc warriors
  Duvessa (D:7)
  A sky beast (D:8)
  An ice beast (D:6)
  5 black bears
  2 laughing skulls (Gauntlet)
  Pargi (Sewer)
  19 wolves
  9 boggarts
  6 small abominations (Gauntlet)
  5 ogres
  The ghost of Nilihum the Digger, an amateur MDEE (D:3)
  11 centaurs
  A phantom (D:4)
  2 elephant skeletons (Lair:5)
  10 kobold brigands
  A brain worm (Sewer)
  6 bullfrogs
  2 earth elementals (Elf:1)
  3 scorpions
  6 wights
  Dowan (D:7)
  11 killer bees (D:9)
  7 howler monkeys
  4 electric eels
  A bombardier beetle (D:7)
  A wyvern simulacrum (Gauntlet)
  10 hounds
  2 jellies
  45 orc priests
  A gnoll bouda (D:8)
  3 iguanas
  33 orc wizards
  11 gnolls
  8 adders
  2 shadow imps
  A white imp (D:7)
  2 ufetubi (D:5)
  4 dart slugs
  2 ribbon worms
  70 orcs
  6 endoplasms
  4 giant cockroaches
  2 goblins (D:1)
  10 hobgoblins
  4 jackals (D:3)
  2 quokkas
  8 ball pythons
  7 bats
  A frilled lizard (D:2)
  34 kobolds
  9 rats
823 creatures vanquished.

Vanquished Creatures (others)
  A deep elf knight (Elf:1)
  A deep elf zephyrmancer (Elf:2)
  A cane toad (Lair:5)
3 creatures vanquished.

Grand Total: 826 creatures vanquished

Notes
Turn   | Place    | Note
-------+----------+-------------------------------------------
     0 | D:1      | mopl the Octopode Alchemist began the quest for the Orb.
     0 | D:1      | Reached XP level 1. HP: 11/11 MP: 3/3
   126 | D:1      | Found a roughly hewn altar of Beogh.
   173 | D:1      | Reached XP level 2. HP: 17/17 MP: 1/5
   187 | D:1      | Learned a level 2 spell: Mercury Vapours
   202 | D:1      | Found a faded altar of an unknown god.
   677 | D:1      | Reached XP level 3. HP: 21/21 MP: 2/6
   681 | D:1      | Learned a level 3 spell: Mephitic Cloud
  1039 | D:2      | Reached skill level 2 in Conjurations
  1254 | D:2      | Reached skill level 4 in Alchemy
  1282 | D:2      | Reached XP level 4. HP: 27/27 MP: 1/8
  1702 | D:3      | Noticed Nilihum's ghost (amateur MDEE)
  1702 | D:3      | Found a transporter.
  1702 | D:3      | Found a transporter.
  1754 | D:3      | Reached skill level 3 in Spellcasting
  1955 | D:3      | Identified the +8 dagger "Dehauc" {chaos, Will+++ Str-3
                  | Int+10 Stlth-}
  1966 | D:3      | Reached XP level 5. HP: 3/31 MP: 6/9
  1990 | D:3      | Learned a level 4 spell: Olgreb's Toxic Radiance
  1996 | D:3      | Found a glowing drain.
  2005 | Sewer    | Entered a sewer
  2109 | Sewer    | Reached skill level 3 in Conjurations
  2134 | Sewer    | Noticed Pargi
  2170 | Sewer    | Killed Pargi
  2171 | Sewer    | Reached skill level 5 in Alchemy
  2171 | Sewer    | Reached XP level 6. HP: 36/36 MP: 6/11
  2369 | D:4      | Reached skill level 4 in Spellcasting
  2618 | D:4      | Reached XP level 7. HP: 37/41 MP: 9/13
  2653 | D:4      | Reached skill level 4 in Conjurations
  2793 | D:4      | Noticed a two-headed ogre
  2818 | D:4      | Killed a two-headed ogre
  2819 | D:4      | Reached skill level 5 in Spellcasting
  2819 | D:4      | Reached skill level 5 in Conjurations
  2819 | D:4      | Reached skill level 6 in Alchemy
  2819 | D:4      | Reached XP level 8. HP: 46/46 MP: 1/16
  3154 | D:4      | Reached skill level 7 in Alchemy
  3783 | D:5      | Entered Level 5 of the Dungeon
  3788 | D:5      | Noticed Sigmund
  3795 | D:5      | Killed Sigmund
  3796 | D:5      | Reached skill level 6 in Spellcasting
  3796 | D:5      | Reached skill level 6 in Conjurations
  3802 | D:5      | Noticed Prince Ribbit
  3810 | D:5      | Killed Prince Ribbit
  3811 | D:5      | Reached XP level 9. HP: 19/51 MP: 1/18
  3896 | D:5      | Reached skill level 8 in Alchemy
  4060 | D:5      | Found a hide-covered altar of Uskayaw.
  4063 | D:5      | Found a snail-covered altar of Cheibriados.
  4073 | D:5      | Found a sparkling altar of Nemelex Xobeh.
  4087 | D:5      | Found a glowing golden altar of the Shining One.
  4089 | D:5      | Noticed a two-headed ogre
  4123 | D:5      | Killed a two-headed ogre
  4124 | D:5      | Reached skill level 7 in Spellcasting
  4124 | D:5      | Reached skill level 7 in Conjurations
  4260 | D:5      | Found a staircase to the Ecumenical Temple.
  4269 | Temple   | Entered the Ecumenical Temple
  4284 | Temple   | Became a worshipper of Vehumet
  4352 | D:5      | Found a runed translucent door.
  4373 | D:5      | Learned a level 4 spell: Sticky Flame
  4453 | D:5      | Found a runed translucent door.
  4453 | D:5      | Noticed Nico3ck's ghost (novice CoGl)
  5108 | D:6      | Reached skill level 9 in Alchemy
  5573 | D:6      | Reached skill level 1 in Fighting
  5573 | D:6      | Reached skill level 1 in Fire Magic
  5676 | D:7      | Reached XP level 10. HP: 58/58 MP: 13/21
  5680 | D:7      | Noticed Duvessa
  5976 | D:6      | Reached skill level 8 in Conjurations
  6696 | D:7      | Noticed Dowan
  6700 | D:7      | Killed Dowan
  6758 | D:7      | Killed Duvessa
  6808 | D:7      | Found a transporter.
  6810 | D:7      | Noticed a two-headed ogre
  6813 | D:7      | Noticed yadon's ghost (novice DsFi)
  6816 | D:7      | Found a transporter.
  6861 | D:7      | Reached skill level 2 in Fighting
  6861 | D:7      | Reached skill level 2 in Fire Magic
  6862 | D:7      | Noticed Joseph
  6907 | D:7      | Reached * piety under Vehumet
  6907 | D:7      | Offered knowledge of Shock by Vehumet.
  6908 | D:7      | Reached skill level 3 in Dodging
  6951 | D:7      | Learned a level 5 spell: Irradiate
  7130 | D:7      | Killed Joseph
  7131 | D:7      | Reached skill level 8 in Spellcasting
  7475 | D:7      | Noticed Maurice
  7489 | D:7      | Killed Maurice
  7892 | D:8      | Reached skill level 10 in Alchemy
  8047 | D:8      | Reached skill level 3 in Fighting
  8085 | D:8      | Offered knowledge of Scorch by Vehumet.
  8091 | D:8      | Identified the maw talisman of Yesterday {rF++ Dex-5}
  8095 | D:8      | Found a staircase to the Lair.
  8139 | D:8      | Reached ** piety under Vehumet
  8413 | D:8      | Reached skill level 3 in Fire Magic
  8752 | D:8      | Reached XP level 11. HP: 67/67 MP: 14/23
  9037 | D:9      | Identified the +2 robe of Zeostan {^Contam +Blink Will+}
  9047 | D:9      | Reached skill level 9 in Conjurations
  9048 | D:9      | Reached skill level 4 in Dodging
  9243 | D:9      | Found a staircase to the Orcish Mines.
  9448 | D:9      | Offered knowledge of Volatile Blastmotes by Vehumet.
  9538 | D:9      | Identified the +12 hand axe "Killer Klown's Curse" {pain,
                  | Dex+2}
  9680 | D:9      | Reached *** piety under Vehumet
  9681 | D:9      | Noticed Amaemon
  9718 | D:9      | Killed Amaemon
 10023 | D:10     | Entered Level 10 of the Dungeon
 10218 | D:10     | Found Pish's Demolitions Depot.
 10272 | D:10     | Reached skill level 9 in Spellcasting
 10582 | D:10     | Identified the +12 quarterstaff of Utanoof {antimagic,
                  | Will+ rCorr}
 10912 | D:10     | Offered knowledge of Stone Arrow by Vehumet.
 11020 | Orc:1    | Entered Level 1 of the Orcish Mines
 11135 | Orc:1    | Reached skill level 4 in Fighting
 11142 | Orc:1    | Noticed an orc high priest
 11142 | Orc:1    | Noticed an orc sorcerer
 11154 | Orc:1    | Killed an orc sorcerer
 11158 | Orc:1    | Killed an orc high priest
 11159 | Orc:1    | Reached skill level 4 in Fire Magic
 11159 | Orc:1    | Reached skill level 11 in Alchemy
 11210 | Orc:1    | Reached **** piety under Vehumet
 11229 | Orc:1    | Noticed an orc sorcerer
 11341 | Orc:1    | Noticed an orc sorcerer
 11348 | Orc:1    | Killed an orc sorcerer
 11349 | Orc:1    | Killed an orc sorcerer
 11459 | Orc:2    | Entered Level 2 of the Orcish Mines
 11589 | Orc:2    | Offered knowledge of Fulminant Prism by Vehumet.
 11598 | Orc:2    | Reached skill level 5 in Dodging
 11598 | Orc:2    | Reached XP level 12. HP: 50/75 MP: 8/25
 11695 | Orc:2    | Reached skill level 10 in Conjurations
 11874 | Orc:2    | Noticed an orc high priest
 11888 | Orc:1    | Killed an orc high priest
 12007 | Orc:2    | Reached ***** piety under Vehumet
 12019 | Orc:2    | Offered knowledge of Freezing Cloud by Vehumet.
 12019 | Orc:2    | Noticed an orc warlord
 12033 | Orc:2    | Reached skill level 5 in Fighting
 12038 | Orc:2    | Killed an orc warlord
 12039 | Orc:2    | Reached skill level 1 in Evocations
 12296 | Orc:1    | Noticed an orc high priest
 12665 | Orc:2    | Found a staircase to the Elven Halls.
 12690 | Orc:2    | Reached skill level 5 in Fire Magic
 12710 | Orc:2    | Noticed an orc high priest
 12719 | Orc:2    | Killed an orc high priest
 12720 | Orc:2    | Reached skill level 10 in Spellcasting
 12899 | Orc:1    | Reached skill level 12 in Alchemy
 12943 | Orc:1    | Killed an orc high priest
 13041 | Orc:2    | Reached skill level 2 in Evocations
 13370 | Orc:2    | Noticed an orc high priest
 13384 | Orc:2    | Killed an orc high priest
 13578 | Orc:2    | Noticed an orc high priest
 13588 | Orc:2    | Killed an orc high priest
 13636 | Orc:2    | Found Wevo's Antique Armour Shop.
 13636 | Orc:2    | Found Wovijaab's Jewellery Boutique.
 13637 | Orc:2    | Found Tinetoir's Book Boutique.
 13641 | Orc:2    | Found Yrphipnea's Assorted Antiques.
 13647 | Orc:2    | Bought a sapphire potion for 20 gold pieces
 13647 | Orc:2    | Bought a scroll labelled KAINTE CAMU for 23 gold pieces
 13966 | Lair:1   | Entered Level 1 of the Lair of Beasts
 14060 | Lair:1   | Reached skill level 11 in Conjurations
 14068 | Lair:1   | Reached XP level 13. HP: 67/83 MP: 9/27
 14399 | Lair:1   | Identified the +12 spear of Butocrid {flame, rElec Str-2
                  | Dex+4 Stlth+}
 14416 | Lair:1   | Reached skill level 6 in Dodging
 14417 | Lair:1   | Noticed Sonja
 14424 | Lair:1   | Killed Sonja
 14493 | Lair:1   | Reached skill level 3 in Evocations
 14587 | Lair:1   | Learned a level 4 spell: Ignite Poison
 14898 | Lair:2   | Reached skill level 6 in Fighting
 15453 | Lair:2   | Noticed Erica
 15466 | Lair:2   | Killed Erica
 15713 | Lair:2   | Reached skill level 6 in Fire Magic
 15801 | Lair:2   | Noticed Nergalle
 15808 | Lair:2   | Killed Nergalle
 15840 | Lair:2   | Found a staircase to the Snake Pit.
 15848 | Lair:2   | Found a staircase to the Shoals.
 15854 | Lair:2   | Reached skill level 13 in Alchemy
 15855 | Lair:2   | Reached skill level 11 in Spellcasting
 16245 | Lair:2   | Offered knowledge of Plasma Beam by Vehumet.
 16246 | Lair:2   | Reached skill level 4 in Evocations
 16261 | Lair:2   | Learned a level 6 spell: Plasma Beam
 17203 | Lair:3   | Reached skill level 1 in Air Magic
 17207 | Lair:3   | Reached XP level 14. HP: 90/90 MP: 13/29
 17280 | Lair:3   | Noticed Fannar
 17301 | Lair:3   | Killed Fannar
 17841 | Lair:4   | Reached skill level 12 in Conjurations
 17852 | Lair:4   | Reached skill level 7 in Dodging
 17852 | Lair:4   | Reached skill level 7 in Fire Magic
 17852 | Lair:4   | Reached skill level 2 in Air Magic
 18288 | Lair:4   | Reached skill level 7 in Fighting
 18936 | Lair:5   | Entered Level 5 of the Lair of Beasts
 18945 | Lair:5   | Reached skill level 5 in Evocations
 19111 | Lair:5   | Found a viscous altar of Jiyva.
 19112 | Lair:5   | Found a staircase to the Slime Pits.
 19409 | Lair:5   | Reached skill level 3 in Air Magic
 19687 | Lair:5   | Noticed a dire elephant
 19689 | Lair:5   | Noticed a dire elephant
 19689 | Lair:5   | Noticed a dire elephant
 19689 | Lair:5   | Noticed a dire elephant
 19696 | Lair:5   | Killed a dire elephant
 19960 | Lair:5   | Reached skill level 14 in Alchemy
 20635 | Lair:5   | Reached skill level 8 in Fire Magic
 20734 | Lair:5   | Killed a dire elephant
 20866 | Lair:5   | Killed a dire elephant
 20867 | Lair:5   | Reached XP level 15. HP: 98/98 MP: 14/30
 20984 | Lair:5   | Reached skill level 12 in Spellcasting
 21293 | Lair:5   | Learned a level 4 spell: Iskenderun's Mystic Blast
 21504 | D:11     | Noticed Josephine
 21509 | D:11     | Killed Josephine
 21511 | D:11     | Found a runed translucent door.
 21531 | D:11     | Found a runed translucent door.
 21551 | D:11     | Found a runed translucent door.
 21563 | D:11     | Found a runed translucent door.
 21733 | D:11     | Offered knowledge of Arcjolt by Vehumet.
 21940 | D:11     | Reached skill level 1 in Translocations
 22492 | D:10     | Bought a scroll of immolation for 52 gold pieces
 22703 | D:3      | Killed Nilihum's ghost
 23019 | D:5      | Killed Nico3ck's ghost
 23321 | D:12     | Reached skill level 6 in Evocations
 23363 | D:12     | Found a gate leading to a gauntlet.
 23383 | Gauntlet | Entered a Gauntlet
 23383 | Gauntlet | Found a transporter.
 23383 | Gauntlet | Found a transporter.
 23383 | Gauntlet | Found a runed translucent door.
 23383 | Gauntlet | Found a runed translucent door.
 23393 | Gauntlet | Found a transporter.
 23397 | Gauntlet | Found a transporter.
 23409 | Gauntlet | Found a transporter.
 23417 | Gauntlet | Found a transporter.
 23423 | Gauntlet | Found a transporter.
 23450 | Gauntlet | Found a transporter.
 23465 | Gauntlet | Found a transporter.
 23469 | Gauntlet | Found a transporter.
 23477 | Gauntlet | Found a transporter.
 23481 | Gauntlet | Found a transporter.
 23748 | Gauntlet | Identified the amulet "Silaasil" {Rampage rPois Will+
                  | RegenMP+}
 23756 | Gauntlet | Reached skill level 4 in Air Magic
 23760 | Gauntlet | Reached skill level 13 in Conjurations
 24335 | D:12     | Reached skill level 8 in Fighting
 24543 | D:12     | Reached skill level 8 in Dodging
 24813 | D:12     | Offered knowledge of Fireball by Vehumet.
 24814 | D:12     | Reached skill level 2 in Translocations
 24817 | D:12     | Reached skill level 9 in Fire Magic
 25291 | D:13     | Found a gate to the Vaults.
 25544 | D:13     | Noticed Urug
 25548 | D:13     | Killed Urug
 25719 | D:13     | Reached XP level 16. HP: 75/105 MP: 26/32
 26276 | D:14     | Reached skill level 15 in Alchemy
 26626 | D:14     | Reached skill level 3 in Translocations
 26776 | D:14     | Reached ****** piety under Vehumet
 27204 | D:15     | Entered Level 15 of the Dungeon
 27532 | D:15     | Noticed Nessos
 27537 | D:15     | Reached skill level 5 in Air Magic
 27537 | D:15     | Killed Nessos
 27540 | D:15     | Offered knowledge of Bombard by Vehumet.
 27653 | D:15     | Reached skill level 13 in Spellcasting
 27653 | D:15     | Reached skill level 10 in Fire Magic
 27653 | D:15     | Reached skill level 7 in Evocations
 27653 | D:15     | Reached XP level 17. HP: 111/111 MP: 34/34
 28624 | D:15     | Found a staircase to the Depths.
 29040 | Orc:2    | Bought the ring "Buarukk" {^Contam *Corrode rN+++ Will+
                  | Int+4} for 803 gold pieces
 29064 | Elf:1    | Entered Level 1 of the Elven Halls
 29183 | Elf:1    | Reached skill level 14 in Conjurations
 29287 | Elf:1    | Reached skill level 4 in Translocations
 30068 | Elf:1    | Reached skill level 9 in Fighting
 30116 | Elf:1    | Noticed Norris
 30123 | Elf:1    | Killed Norris
 30473 | Elf:1    | Identified the +0 helmet of Shielding {Slay+3}
 30510 | Elf:1    | Reached skill level 9 in Dodging
 30710 | Elf:1    | Got Plog's Lessons on the Salvo
 31257 | Elf:1    | Reached XP level 18. HP: 95/118 MP: 35/35
 31748 | Elf:2    | Reached skill level 1 in Shields
 31882 | Elf:2    | Found Qyjuydim's Antique Weapon Boutique.
 32154 | Elf:2    | Reached skill level 16 in Alchemy
 32247 | Elf:2    | Found a runed translucent gate.
 32247 | Elf:2    | Found a runed translucent gate.
 32247 | Elf:2    | Found a runed translucent gate.
 32249 | Elf:2    | Noticed Xarreyl's ghost (adept TeCA)
 32251 | Elf:2    | Identified the +6 flail of Infinity {vamp, Str+3}
 32252 | Elf:2    | Found a viscous altar of Jiyva.
 32276 | Elf:2    | Offered knowledge of Lee's Rapid Deconstruction by Vehumet.
 32277 | Elf:2    | Reached skill level 11 in Fire Magic
 32401 | Elf:2    | Found a runed translucent gate.
 32402 | Elf:2    | Found a runed translucent gate.
 32402 | Elf:2    | Found a runed translucent gate.
 32526 | Elf:2    | Identified a scroll of acquirement
 32527 | Elf:2    | Acquired the Elucidation of the Stormy Burn
 32535 | Elf:2    | Learned a level 5 spell: Fireball
 32838 | Elf:2    | Slain by a +0 glaive of venom

Illustrated notes

Levels and vault maps discovered:
D:1:      dpeg_arrival_boxorama, layout_basic,
          hellmonk_ecumenical_altar_defaced_shrine
D:2:      layout_loops_ring
D:3:      layout_basic, portal_sewer_entry_a, gammafunk_ghost_arena
D:4:      layout_layer_cave, minmay_ruptured
D:5:      layout_loops_ring, grunt_temple_overflow_cloverleaf,
          minmay_temple_entry_wispy, ebering_ghost_sewer_f,
          grunt_decor_junction, uniq_sigmund, uniq_prince_ribbit1
D:6:      layout_loops_corners
D:7:      cheibrodos_helix_gallery, layout_cave_pools, gammafunk_ghost_smash,
          uniq_duvessa, uniq_maurice, uniq_joseph
D:8:      layout_loops_ring, erik_lair_island
D:9:      layout_basic, minmay_orc_entry_guard_dogs, uniq_amaemon
D:10:     layout_grid_maze, nicolae_blasting_shop
D:11:     layout_irregular_city, minmay_statue_crystal_thing, uniq_josephine
D:12:     layout_gridville, gauntlet_entry_generic
D:13:     layout_small_grid, erik_vaults_2, kb_rosetta, uniq_urug
D:14:     layout_basic
D:15:     gammafunk_enter_depths_forms, layout_gridville, minmay_circle_x,
          uniq_nessos
Temple:   regret_index_temple_chain_breaker
Lair:1:   layout_long_grid, uniq_sonja
Lair:2:   layout_hall_layers, elwin_shoals_entry_stream, dummy_snake_entry,
          kilobyte_rumbling_trees, grunt_megastairs_4, uniq_erica, uniq_nergalle
Lair:3:   layout_small_grid, patterned_corridor, uniq_fannar
Lair:4:   layout_misc_corridors, grunt_forest_small_clearings,
          lemuel_fruit_fields
Lair:5:   due_jungle_book, layout_small_grid, minmay_slime_entry_pillars
Orc:1:    layout_caves
Orc:2:    st_orc_mages, layout_diamond_mine
Elf:1:    layout_onion_city, minmay_elf_annihilation, uniq_norris
Elf:2:    nicolae_elf_blades_crystal_corner, layout_geoelf_diagonals,
          serial_shops, shop, gammafunk_ghost_ooze, st_stairs_6,
          lemuel_flamethrower_1

Skill      XL: |  1  2  3  4  5  6  7  8  9 10 11 12 13 14 15 16 17 18 |
---------------+-------------------------------------------------------+-----
Conjurations   | 2 3 5 6 7 8 9 11 12 13 14 | 14.4
Alchemy        | 4 5 6 7 9 10 11 12 13 14 15 16 | 16.0
Spellcasting   | 3 4 5 6 7 8 9 10 11 12 13 | 13.6
Fighting       | 1 3 4 5 6 7 8 9 |  9.3
Fire Magic     | 1 3 4 5 6 8 9 10 11 | 11.0
Dodging        | 3 5 6 7 8 9 |  9.2
Evocations     | 2 4 5 6 7 |  7.9
Air Magic      | 1 3 4 5 |  5.9
Translocations | 2 3 4 |  4.7
Shields        | 1 |  1.6
Stealth        | |  2.6

Action                     |  1- 3 |  4- 6 |  7- 9 | 10-12 | 13-15 | 16-18 || total
---------------------------+-------+-------+-------+-------+-------+-------++-------
  Melee: Unarmed           |    17 |       |       |       |       |       ||    17
         Tentacles         |     8 |    11 |     3 |    23 |    51 |    40 ||   136
         Constrict         |     8 |    10 |     6 |    22 |    31 |    14 ||    91
         Short sword       |    16 |    23 |    14 |    79 |     1 |       ||   133
         Halberd           |       |     2 |     3 |       |       |       ||     5
         Dagger            |       |    13 |       |       |       |       ||    13
         Spear             |       |       |       |       |   219 |       ||   219
         Staff             |       |       |       |       |     9 |   102 ||   111
   Cast: Sting             |    56 |    54 |    76 |   108 |     2 |     1 ||   297
         Mephitic Cloud    |       |     1 |     3 |    29 |    50 |    12 ||    95
         Olgreb's Toxic Ra |       |       |    17 |   141 |   133 |    89 ||   380
         Mercury Vapours   |       |       |     1 |     5 |     2 |       ||     8
         Sticky Flame      |       |       |     6 |    46 |    66 |    28 ||   146
         Irradiate         |       |       |       |     4 |    14 |    25 ||    43
         Ignite Poison     |       |       |       |       |    96 |    60 ||   156
         Plasma Beam       |       |       |       |       |    11 |    23 ||    34
         Iskenderun's Myst |       |       |       |       |       |     1 ||     1
  Evoke: Wand              |       |       |       |     5 |     2 |       ||     7
    Use: Scroll            |       |     3 |     5 |     2 |     6 |     8 ||    24
         Potion            |       |       |       |     1 |     2 |     2 ||     5
   Stab: Sleeping          |     1 |     1 |       |     1 |     6 |     1 ||    10
         Confused          |       |       |     1 |     1 |     2 |       ||     4
         Distracted        |       |       |       |       |     1 |       ||     1
 Armour: Skin              |    13 |    28 |    17 |   129 |   181 |   164 ||   532
  Dodge: Dodged            |    33 |    25 |    26 |   106 |   192 |   108 ||   490
  Block: Buckler           |       |       |       |       |       |     8 ||     8

Table legend: (Time is in decaauts)
 A = Elapsed time spent in this place.
 B = Non-inter-level travel time spent in this place.
 C = Inter-level travel time spent in this place.
 D = Time resting spent in this place.
 E = Time spent auto-exploring this place.
 F = Levels seen in this place.
 G = Mean time per level.
                   A        B        C        D        E       F      G
               +--------+--------+--------+--------+--------+-----+--------+
         Total |  32932 |  29948 |   2984 |   9327 |  14295 |  27 | 1219.7 |
       Dungeon |  17778 |  15619 |   2159 |   3176 |   9248 |  15 | 1185.2 |
        Temple |     30 |      1 |     29 |      0 |      0 |   1 |   30.0 |
          Lair |   7491 |   6883 |    608 |   2260 |   3264 |   5 | 1498.2 |
  Orcish Mines |   3024 |   2857 |    167 |   1514 |    649 |   2 | 1512.0 |
   Elven Halls |   3737 |   3719 |     18 |   1964 |   1097 |   2 | 1868.5 |
         Sewer |    216 |    216 |      0 |     77 |     37 |   1 |  216.0 |
      Gauntlet |    653 |    653 |      0 |    335 |      0 |   1 |  653.0 |
               +--------+--------+--------+--------+--------+-----+--------+

Top non-repeatable levels by time:
   Elf:1: 2808 daAuts
     D:6: 2289 daAuts
  Lair:5: 2210 daAuts
   Orc:1: 1633 daAuts
    D:15: 1601 daAuts
  Lair:2: 1473 daAuts
     D:9: 1447 daAuts
     D:4: 1417 daAuts
  Lair:3: 1406 daAuts
  Lair:1: 1399 daAuts
   Orc:2: 1391 daAuts
     D:8: 1387 daAuts
    D:10: 1236 daAuts
    D:14: 1162 daAuts
     D:7: 1078 daAuts
